 Dungeon Crawl Stone Soup version 0.27.0-1-g7a089689b8 (webtiles) character file.

Game seed: 1094117543993490815

387 Strat the Ruffian (level 6, -10/59 HPs)
             Began as a Troll Monk on Aug 7, 2021.
             Mangled by Duvessa (13 damage)
             ... on level 4 of the Dungeon.
             The game lasted 00:06:07 (1692 turns).

Strat the Ruffian (Troll Monk)                      Turns: 1692, Time: 00:06:08

Health: -10/59     AC:  4    Str: 22    XL:     6   Next: 49%
Magic:  5/5        EV: 10    Int:  6    God:
Gold:   553        SH:  0    Dex: 12    Spells: 5/5 levels left

rFire    . . .     SeeInvis .     - Unarmed
rCold    . . .     Faith    .   (no shield)
rNeg     . . .     Spirit   .   a - +0 robe
rPois    .         Reflect  .   (helmet restricted)
rElec    .         Harm     .   (no cloak)
rCorr    .         Rampage  .   (gloves unavailable)
Will     .....                  (boots unavailable)
Stlth    ++........             (no amulet)
HPRegen  1.19/turn              (no ring)
MPRegen  0.09/turn              (no ring)

@: no status effects
A: large, unfitting armour, claws 3, regeneration 1, shaggy fur 1, tough skin 1
a: no special abilities


You were on level 4 of the Dungeon.
You visited 1 branch of the dungeon, and saw 4 of its levels.

You collected 553 gold pieces.

Inventory:

Missiles
 b - 77 stones
 c - 58 poisoned darts (quivered)
 l - 22 sling bullets
 m - 4 boomerangs of dispersal
Armour
 a - a +0 robe (worn)
Jewellery
 g - a ring of magical power
Scrolls
 f - a scroll of teleportation {unknown}
Potions
 d - 2 potions of haste {unknown}
 e - a potion of brilliance {unknown}
 h - a potion of lignification {unknown}
 i - a potion of degeneration {unknown}
 j - a potion of heal wounds {unknown}
 k - 3 potions of flight {unknown}


   Skills:
 - Level 2.4 Fighting
 - Level 2.4 Dodging
 - Level 1.0 Stealth
 + Level 7.4 Unarmed Combat


You had 5 spell levels left.
You didn't know any spells.
Your spell library was empty.

Dungeon Overview and Level Annotations

Branches:
Dungeon (4/15)
 Temple: D:4-7

Altars:

Shops:
D:4 *

Annotations:
D:2 Terence
D:4 Duvessa


Innate Abilities, Weirdness & Mutations

You are too large for most types of armour.
You have claws for hands.
Your natural rate of healing is unusually fast.
You are covered in fur. (AC +1)
You have tough skin. (AC +1)


Message History

You feel stronger. x2
k - 3 emerald potions (gained 1)
Things that are here:
a +1 scythe of flaming; a +0 robe You now have 553 gold pieces (gained 18).
There is an escape hatch in the ceiling here.
There is an entrance to Uwnox's General Store here.
There is an escape hatch in the ceiling here.
An adder comes into view.
There is an escape hatch in the ceiling here.
A mysterious force pulls you upwards. The hatch slams shut behind you.
There is a stone staircase leading down here.
You climb downwards.
Level annotation: Duvessa
There is a stone staircase leading up here.
Things that are here:
a +0 robe; a +0 dagger You see here an iguana skeleton.
Found a robe.
b - 77 stones (gained 20) Duvessa goes berserk!
Duvessa rages.
You closely miss Duvessa. Duvessa barely misses you.
Duvessa hits you with a +2 short sword of speed.
You claw Duvessa!
Duvessa is lightly wounded.
Duvessa closely misses you.
Duvessa hits you with a +2 short sword of speed!!
* * * LOW HITPOINT WARNING * * *
You barely miss Duvessa.
Duvessa is lightly wounded.
Duvessa barely misses you.
Duvessa hits you with a +2 short sword of speed!
* * * LOW HITPOINT WARNING * * *
You barely miss Duvessa.
Duvessa is lightly wounded.
Duvessa hits you with a +2 short sword of speed!!
* * * LOW HITPOINT WARNING * * *
Duvessa hits you with a +2 short sword of speed!
You die...

#.....# ##.# #....[# #.# .
#.....# #.####. #.....#
#.#.... #.....#
#######.#.... #.....#####
#....##...... #.........#
#....###.....
#.....###.######....###.....
#..........@e..........#....
#.....#.#.######............
#.....'.#.#.........##.#.[..
#.....###.# #.....)..#.#.)..
####### #.#...###.#..#.#....
#รท#######....#.#...>
#...........##.#....
#.......#......)#...
#.#####.#.##########


You could see Duvessa (berserk).

Vanquished Creatures
  Sigmund (D:4)
  Dowan (D:4)
  A hound (D:4)
  2 iguanas (D:4)
  3 adders (D:3)
  An adder skeleton (D:4)
  2 worms
  3 orcs (D:3)
  2 endoplasms (D:4)
  9 giant cockroaches (D:3)
  2 goblins (D:4)
  7 hobgoblins
  4 jackals (D:2)
  4 kobolds
  2 ball pythons
  5 bats
  5 frilled lizards
  4 rats
58 creatures vanquished.

Notes
Turn   | Place    | Note
-------+----------+-------------------------------------------
     0 | D:1      | Strat the Troll Monk began the quest for the Orb.
     0 | D:1      | Reached XP level 1. HP: 22/22 MP: 0/0
   176 | D:2      | Noticed Terence
   429 | D:2      | Reached XP level 2. HP: 26/29 MP: 1/1
   460 | D:2      | Found a faded altar of an unknown god.
   571 | D:3      | Reached skill level 4 in Unarmed Combat
   670 | D:3      | Reached XP level 3. HP: 30/36 MP: 2/2
   899 | D:4      | Reached skill level 5 in Unarmed Combat
   899 | D:4      | Reached XP level 4. HP: 44/44 MP: 3/3
   908 | D:4      | Noticed a scorpion
  1137 | D:4      | Noticed Sigmund
  1343 | D:4      | Identified a scroll of acquirement
  1343 | D:4      | Acquired 345 gold pieces
  1367 | D:4      | Reached XP level 5. HP: 39/50 MP: 4/4
  1388 | D:4      | Reached skill level 6 in Unarmed Combat
  1479 | D:4      | Found Uwnox's General Store.
  1526 | D:4      | Noticed Duvessa
  1526 | D:4      | Noticed Dowan
  1553 | D:4      | Killed Dowan
  1608 | D:4      | HP: 2/50 [something (3)]
  1609 | D:4      | Killed Sigmund
  1610 | D:4      | Reached skill level 7 in Unarmed Combat
  1610 | D:4      | Reached XP level 6. HP: 3/59 MP: 5/5
  1692 | D:4      | Mangled by Duvessa

Illustrated notes

Levels and vault maps discovered:
D:1:      minmay_arrival_stone_box, layout_basic, serial_shops, shop,
          minmay_bisected
D:2:      layout_basic, hellmonk_ecumenical_altar_lost_god,
          serial_park_tiny_pond, uniq_terence
D:3:      minmay_roachtagon, layout_rooms, chequers_serial_rivers_micro_b
D:4:      layout_basic, lemuel_round_altar, serial_shops,
          nicolae_shop_statue_plus, uniq_sigmund, uniq_duvessa

Skill      XL: |  1  2  3  4  5 |
---------------+----------------+-----
Unarmed Combat | 4 5 7 |  7.4
Fighting       | |  2.4
Dodging        | |  2.4
Stealth        | |  1.0

Action                   |  1- 3 |  4- 6 || total
-------------------------+-------+-------++-------
Melee: Unarmed           |    66 |    77 ||   143
       Punch             |       |     3 ||     3
Throw: Dart              |     1 |       ||     1
  Use: Scroll            |       |     2 ||     2
 Stab: Sleeping          |     1 |       ||     1
Armor: Robe              |    35 |    20 ||    55
Dodge: Dodged            |    54 |    38 ||    92
